AoeStats
← Tolstoyevski

Arena

510515457Analyzed
1v1 RM · 1d ago on Oct 1, 2026· 43m 44s· 2 players
Game mode
Random Map
Map size
Tiny (2 player)
Population
200
Speed
Normal
Resources
Standard
Victory
Conquest
Starting age
Dark Age
Ending age
Imperial Age
RankedLock teamsTeams togetherTeam positionsShared explorationLock speedFull tech treeHidden civsTurbo modeCheats
Victory
Defeat
🇹🇷 Japanese · Türkiye
1143
+17
🇪🇸 Sicilians · Spain
1161
-17
Tolstoyevski
10:30 Feudal Age
10:14 Loom
14:35 Fletching
23:21 Double-Bit Axe
36:57 Horse Collar
40:58 Castle Age
41:24 Bodkin Arrow
42:14 Bow Saw
42:08 Heavy Plow
egoitzmd
6:40 Loom
Connection lost

Rejoining the realm…

Still unreachable

The connection could not be restored.

Session expired

The server has moved on; the page needs a fresh start.